 Dungeon Crawl Stone Soup version 0.20-a0-1043-gbd57889 (console) character file.

36 nht the Chiller (level 3, -4/26 HPs)
             Began as a Ghoul Ice Elementalist on Apr 24, 2017.
             Killed from afar by Natasha (5 damage)
             ... with a magic dart
             ... on level 2 of the Dungeon.
             The game lasted 00:02:09 (504 turns).

nht the Chiller (Ghoul Ice Elementalist)             Turns: 504, Time: 00:02:10

Health: -4/26      AC:  2    Str: 11    XL:     3   Next: 37%
Magic:  5/13       EV: 12    Int: 11    God:
Gold:   71         SH:  0    Dex:  9    Spells: 4/5 levels left

rFire    . . .     SeeInvis .   (no weapon)
rCold    + . .     Gourm    .   (no shield)
rNeg     + + +     Faith    .   a - +0 robe
rPois    ∞         Spirit   .   (no helmet)
rElec    .         Reflect  .   (no cloak)
rCorr    .         Harm     .   (no gloves)
MR       .....                  (no boots)
Stlth    +.........             (no amulet)
Regen    0.0/turn               d - ring of loudness (curse)
MPRegen  0.2/turn               e - ring of magical power

@: very slightly contaminated, rotting
A: rotting body, claws 1, carnivore 3, cold resistance 1, negative energy
resistance 3, inhibited regeneration, torment resistance, unbreathing
a: no special abilities


You were on level 2 of the Dungeon.
You were not hungry.

You visited 1 branch of the dungeon, and saw 2 of its levels.

You collected 71 gold pieces.

Inventory:

Armour
 a - a +0 robe (worn)
Jewellery
 d - a cursed ring of loudness (left claw)
 e - a ring of magical power (right claw)
Scrolls
 h - a scroll of recharging {unknown}
 j - a scroll of remove curse {unknown}
 k - a scroll of fog {unknown}
Potions
 i - a potion of mutation {unknown}
 l - a potion of curing {unknown}
Books
 b - a book of Frost

   Spells                             Type                      Level
   a - Freeze                         Ice                          1
   b - Throw Frost                    Conjuration/Ice              2
   c - Ozocubu's Armour               Charms/Ice                   3
   d - Throw Icicle                   Conjuration/Ice              4
   e - Summon Ice Beast               Ice/Summoning                4
Comestibles
 c - 3 meat rations
 f - a royal jelly
 g - 4 chunks of flesh


   Skills:
 - Level 1.7 Dodging
 - Level 2.1 Stealth
 - Level 1.7 Spellcasting
   Level 0.7 Conjurations
 + Level 4.8 Ice Magic


You had 4 spell levels left.
You knew the following spells:

 Your Spells              Type           Power        Failure   Level  Hunger
a - Freeze                Ice            ##..         4%          1    ##.....


Dungeon Overview and Level Annotations

Branches:
Dungeon (2/15)

Altars:

Annotations:
D:2 Natasha


Innate Abilities, Weirdness & Mutations

Your body is rotting away.
You thrive on raw meat.
You are immune to poison.
You have sharp fingernails.
You are carnivorous and can eat meat at any time.
Your flesh is cold resistant. (rC+)
You are immune to negative energy. (rN+++)
You do not regenerate when monsters are visible.
You are immune to unholy pain and torment.
You can survive without breathing.


Message History

Casting: Freeze
Confirm with . or Enter, or press ? or * to list all spells.
Aiming: Freeze
Press: ? - help, Shift-Dir - straight line, f/p - Natasha
Aim: Natasha (moderately wounded)
You freeze Natasha.
Natasha is heavily wounded.
Natasha claws you!
* * * LOW HITPOINT WARNING * * *
The shadow imp completely misses you.
Casting: Freeze
Confirm with . or Enter, or press ? or * to list all spells.
Aiming: Freeze
Press: ? - help, Shift-Dir - straight line, f/p - Natasha
Aim: Natasha (heavily wounded)
You freeze Natasha.
Natasha is severely wounded.
Natasha casts a spell at you. The magic dart hits you!
You die... ...█ ████.██ ...█ █..█ ████

█..+
██████████.██
.........█.█
████████...██
██...████+███
██.██....h.█..█
█..█...@5...█
██........███
███<.....█
█......█
█......█
█......█


████████ You could see Natasha and a shadow imp.

Vanquished Creatures
  An adder (D:2)
  2 oozes
  3 bats
  A giant cockroach (D:1)
  2 goblins (D:1)
  3 hobgoblins
  2 kobolds (D:1)
  A ball python (D:1)
  3 frilled lizards
  A rat (D:1)
19 creatures vanquished.

Notes
Turn   | Place    | Note
-------+----------+-------------------------------------------
     0 | D:1      | nht the Ghoul Ice Elementalist began the quest for the Orb.
     0 | D:1      | Reached XP level 1. HP: 14/14 MP: 2/2
   119 | D:1      | Reached XP level 2. HP: 13/20 MP: 1/3
   158 | D:1      | Reached skill level 4 in Ice Magic
   438 | D:2      | Reached XP level 3. HP: 24/26 MP: 4/4
   494 | D:2      | Noticed Natasha
   503 | D:2      | HP: 1/26 [Natasha (8)]
   504 | D:2      | Killed from afar by Natasha

Vault maps used:
D:1:      dpeg_arrival_orchard
D:2:      nicolae_overflow_hidden_temple, kennysheep_generic_room_10,
          uniq_natasha, uniq_crazy_yiuf_cottage

Skill      XL: |  1  2 |
---------------+-------+-----
Ice Magic      | 4 |  4.8
Dodging        | |  1.7
Stealth        | |  2.1
Spellcasting   | |  1.7
Conjurations   | |  0.7

Action                   || total
-------------------------++-------
Melee: Unarmed           ||    15
 Cast: Freeze            ||    37
  Eat: Chunk             ||     3
Armor: Robe              ||    17
Dodge: Dodged            ||    33
